 Dungeon Crawl Stone Soup version 0.15-a0-306-g5a3139e (console) character file.

221777 yrew the Thaumaturge (level 18, -7/104 HPs)
             Began as a Vine Stalker Summoner on Mar 12, 2014.
             Was the Champion of Makhleb.
             Mangled by an Executioner (14 damage)
             ... summoned by a deep elf demonologist
             ... on Level 3 of the Elven Halls on Apr 30, 2014.
             The game lasted 23:19:50 (56381 turns).

yrew the Thaumaturge (Vine Stalker Summoner)       Turns: 56381, Time: 23:19:50

HP  -7/104       AC 15     Str 16      XL: 18   Next: 66%
MP   0/39        EV 19     Int 24      God: Makhleb [******]
Gold 1989        SH  0     Dex 14      Spells: 13 memorised,  1 level left

rFire  + + .     SeeInvis +     a - +10,+11 quarterstaff of Oozing Pus {venom, +Inv rPois rF+ SInv}
rCold  + . .     Clarity  .     v - +2 robe {rC+ rF+}
rNeg   + + +     Conserve +     (no shield)
rPois  +         rCorr    +     K - +2 hat of the Bear Spirit {Spirit, +Rage rN+ MR++}
rElec  .         rRot     +     l - +2 cloak {rCorr, Cons}
SustAb . .       Spirit   +     A - +2 pair of gloves {archer}
rMut   .         Warding  +     d - +2 pair of boots
Saprov . . .     Stasis   .     w - amulet of warding
MR     ++++.                    S - +5 ring of intelligence
                                Q - ring of positive energy

@: repel missiles, very slightly contaminated, hasted, very quick, incredibly
resistant to hostile enchantments, quite stealthy
A: fangs 3, regeneration 3, robust 1, magic shield, antimagic bite, no device
heal
a: Minor Destruction, Lesser Servant of Makhleb, Major Destruction, Greater
Servant of Makhleb, Renounce Religion, Evoke Berserk Rage, Evoke Invisibility
}: 2/15 runes: barnacled, gossamer


You were on level 3 of the Elven Halls.
You worshipped Makhleb.
Makhleb was exalted by your worship.
You were very full.

You visited 7 branches of the dungeon, and saw 40 of its levels.
You also visited: Ice Cave and Volcano.

You collected 4153 gold pieces.
You spent 2164 gold pieces at shops.

Inventory:

Hand weapons
 a - the +10,+11 quarterstaff of Oozing Pus (weapon) {venom, +Inv rPois rF+ SInv}
   (You bought it in a shop on level 7 of the Dungeon)

   It poisons the flesh of those it strikes.
   It protects you from fire.
   It protects you from poison.
   It enhances your eyesight.
   It lets you turn invisible.
 b - the +10,+7 crossbow of Division {elec, rC+}
   (You bought it in a shop on level 7 of the Dungeon)

   It charges the ammunition it shoots with electricity; occasionally upon a
   hit, such missiles may discharge and cause terrible harm.
   It protects you from cold.
 s - the +8,+5 falchion of Afo Twad {elec, Str+2}
   (You bought it in a shop on level 4 of the Orcish Mines)

   Occasionally, upon striking a foe, it will discharge some electrical energy
   and cause terrible harm.
   It affects your strength (+2).
 B - a +4 blowgun of evasion
Missiles
 g - 45 bolts
 k - 15 curare-tipped needles
 u - 52 poisoned needles
 M - 8 throwing nets
 O - 11 poisoned tomahawks (quivered)
Armour
 d - a +2 pair of boots (worn)
 l - a +2 cloak of preservation (worn)
 v - a +2 robe of resistance (worn)
 A - a +2 pair of gloves of archery (worn)
 K - the +2 hat of the Bear Spirit (worn) {Spirit, +Rage rN+ MR++}
   (You found it on level 5 of the Dungeon)

   It protects you from negative energy.
   It affects your resistance to hostile enchantments.
   It lets you go berserk.
Magical devices
 j - a wand of lightning (4)
 m - a wand of fireball (3)
 z - a wand of invisibility (2)
 D - a wand of magic darts (6)
 F - a wand of polymorph (8)
 U - a wand of cold (0)
Comestibles
 c - 7 bread rations
 n - 3 chunks of elf flesh
 t - 3 chunks of elf flesh
 G - a chunk of elf flesh
 I - a pear
 P - an orange
Scrolls
 h - 3 scrolls of remove curse
 C - a scroll of vulnerability
 E - 6 scrolls of fear
 H - 2 scrolls of fog
 J - 3 scrolls of identify
 L - a scroll of enchant weapon I
 N - 8 scrolls of teleportation
 Y - a scroll of silence
Jewellery
 e - an uncursed ring of sustenance
 r - an uncursed ring of see invisible
 w - an amulet of warding (around neck)
 y - a +5 ring of protection
 Q - a ring of positive energy (left hand)
 S - a +5 ring of intelligence (right hand)
 V - an uncursed amulet of the gourmand
 W - an uncursed ring of teleport control
Potions
 f - a potion of magic
 i - a potion of haste
 p - 5 potions of curing
 q - 2 potions of restore abilities
 x - 5 potions of might
 R - 2 potions of agility
Miscellaneous
 o - a lantern of shadows
Rods
 Z - a +4 lightning rod (14/14)
   (You found it on level 8 of the Lair of Beasts)


   Skills:
 + Level 10.4 Fighting
 + Level 10.2 Staves
   Level 4.7 Slings
 + Level 9.3 Crossbows
 + Level 5.7 Throwing
 - Level 3.0 Armour
 + Level 11.6 Dodging
 - Level 7.1 Stealth
 - Level 5.0 Unarmed Combat
 + Level 14.5 Spellcasting
 + Level 2.3 Hexes
 - Level 2.6 Charms
 + Level 12.2 Summonings
 - Level 1.4 Necromancy
 - Level 2.4 Translocations
 - Level 2.4 Ice Magic
 - Level 3.9 Air Magic
 + Level 3.4 Invocations
 + Level 9.4 Evocations


You had one spell level left.
You knew the following spells:

 Your Spells              Type           Power        Failure   Level  Hunger
a - Animate Skeleton      Necr           N/A          1%          1    None
b - Call Imp              Summ           ######..     1%          2    None
c - Call Canine Familiar  Summ           ######..     1%          3    None
d - Summon Guardian Gole  Hex/Summ       ######..     1%          4    None
e - Summon Ice Beast      Ice/Summ       ######..     1%          4    None
f - Summon Lightning Spi  Summ/Air       ######..     1%          4    None
g - Apportation           Tloc           ####......   1%          1    None
h - Shadow Creatures      Summ           N/A          1%          5    #......
i - Summon Demon          Summ           ######....   1%          5    #......
j - Monstrous Menagerie   Summ           ######....   4%          6    #####..
k - Flight                Chrm/Air       ####......   2%          3    None
l - Repel Missiles        Chrm/Air       ####..       1%          2    None
m - Summon Mana Viper     Hex/Summ       ######..     6%          5    #......


Dungeon Overview and Level Annotations

Branches:
Dungeon (14/15)            Temple (1/1) D:7             Orc (4/4) D:11
    Elf (3/3) Orc:3          Lair (8/8) D:8          Shoals (5/5) Lair:3
 Spider (5/5) Lair:4        Slime (0/6) Lair:7       Vaults (0/5) D:14

Altars:
Ashenzari
Cheibriados
Dithmenos
Elyvilon
Fedhas
Kikubaaqudgha
Makhleb
Nemelex Xobeh
Okawaru
Sif Muna
Trog
Vehumet
Xom
Yredelemnul
Zin
The Shining One
Beogh

Shops:
D:7 (   D:9 (!%[   D:11 ?   Orc:1 %   Orc:2 (   Orc:4 :(*[   Elf:3 ((%

Annotations:
D:2 Sigmund
D:12 Gastronok
D:13 exclusion: ice statue
Lair:2 exclusion: downstairs
Lair:6 dig, desintegrate of fly need here, exclusion: downstairs
Lair:7 exclusion: 2 oklob plants
Lair:8 exclusion: upstairs
Shoals:1 exclusion: water nymph
Spider:2 Arachne
Spider:4 exclusion: Roxanne, Roxanne


Innate Abilities, Weirdness & Mutations

You are immune to rotting.
You have razor-sharp teeth.
You regenerate.
When hurt, damage is shared between your health and your magic reserves.
Your bite disrupts and absorbs the magic of your enemies.
Potions and wands cannot restore your HP.
You are robust (+10% HP).


Message History

The Executioner tries to attack you, but flinches away.
The Executioner completely misses you. The Executioner hits you!
* * * LOW HITPOINT WARNING * * *
The Executioner hits you but does no damage.
The Executioner completely misses you.
The Executioner hits you but does no damage. x3
Your surroundings seem slightly different.
Press: ? - help, v - describe, . - travel The floor.
Drink which item? (? for menu, Esc to quit)
You feel yourself speed up.
The Executioner hits you but does no damage. x2
The Executioner misses you.
You are very lightly contaminated with residual magic.
You hit the Executioner but do no damage.
Your bite misses the Executioner.
The Executioner is lightly wounded.
The Executioner hits you!
You die...

#.....).#......# #.# #.# # #
#'###')#####''## #.# #.# # ## #.#
#..# #..# #.# #.# #
.###.###..#####..#####.#####.####
.'.....[(4..1.§..................
.'..#.##(.#####..................
#####.##((# #..#####..###.####. #
#.##(.# #.1# #..# #.####+ #.##..#
#.@# #..# #.##... #.##..# #..#
##### #.#....
#.##(.#####..####...####+...∩
#...(..ZZ.......#.<....###...
###.(.......[...#......).##..
#.####.##.#########.....### #.#
#.##.# #.###...... #.# #.##.# #.#
###.[.. #######.# #.##.# #.#
##...


You could see an Executioner.

Vanquished Creatures
  Polyphemus (Shoals:3)
  A kraken (Shoals:1)
  Kirke (D:14)
  2 deep elf sorcerers
  2 ghost moths
  3 emperor scorpions
  An orc warlord (Orc:3)
  2 deep elf demonologists (Elf:3)
  A stone giant (Orc:3)
  2 deep elf annihilators (Elf:3)
  3 vault guards (D:14)
  A merfolk javelineer (Shoals:5)
  A deep elf high priest (Elf:3)
  A siren (Shoals:2)
  3 merfolk impalers (Shoals:5)
  An ogre mage (D:14)
  A hydra (Lair:7)
  Erica (Lair:1)
  A satyr (Shoals:5)
  3 tengu warriors (D:14)
  3 death yaks (Shoals:3)
  A spectral elf (Elf:1)
  Urug (D:10)
  2 centaur warriors
  10 deep elf knights
  2 catoblepae
  7 deep elf summoners
  8 sea snakes
  20 orb spiders
  A hill giant (D:10)
  A water nymph (Shoals:5)
  Pikel (D:9)
  A cyclops (Shoals:2)
  An orc knight (Orc:4)
  10 harpies
  15 wolf spiders
  9 deep elf conjurers
  2 griffons
  5 fauns
  4 manticores
  3 orc sorcerers
  2 red wasps
  4 black mambas
  A moth of wrath (Spider:5)
  6 mermaids
  4 spiny frogs
  A feature mimic (D:9)
  Psyche (D:10)
  2 kobold demonologists (D:12)
  A red devil (Elf:3)
  7 demonic crawlers
  6 centaurs
  8 deep elf priests
  3 komodo dragons
  26 jumping spiders
  4 polar bears (Lair:8)
  A fire drake (Lair:6)
  2 two-headed ogres
  14 merfolk
  5 blink frogs
  3 wind drakes
  2 trolls
  A snapping turtle (Shoals:5)
  2 basilisks
  5 grizzly bears (Lair:8)
  5 ravens (D:14)
  A raven (shapeshifter) (Elf:3)
  A boulder beetle (Lair:4)
  A hog (D:14)
  12 trapdoor spiders
  6 sharks
  3 water elementals
  18 tarantellas
  43 redbacks
  An ugly thing (D:13)
  2 humans (Volcano)
  3 fire bats (Lair:1)
  An elephant slug (Lair:6)
  28 deep elf magi
  A vampire (D:14)
  Grum (D:10)
  A steam dragon (Lair:6)
  2 wyverns
  15 yaks
  17 deep elf fighters
  5 wolves
  7 vampire mosquitoes
  2 hill giant skeletons
  6 hippogriffs
  An elf skeleton (Elf:3)
  5 wargs (Lair:8)
  Edmund (D:6)
  3 hell hounds (Lair:8)
  A soldier ant (D:14)
  17 orc warriors
  5 porcupines
  4 black bears (Lair:8)
  A slave (D:9)
  3 ice beasts
  12 water moccasins
  An ogre (Orc:2)
  13 spiders
  3 phantoms
  2 boring beetles
  2 sky beasts
  3 removed MONS_GIANT_GOLDFISHs
  5 yellow wasps
  A mermaid skeleton (Shoals:1)
  21 giant frogs
  5 crocodiles
  8 giant slugs
  4 insubstantial wisps (D:13)
  An eye of draining (D:11)
  9 scorpions
  21 killer bees
  4 wights (D:11)
  5 crimson imps
  2 jellies
  9 electric eels
  2 goliath beetles
  4 big fish
  21 orc priests
  13 hounds
  A centaur skeleton (D:11)
  A giant frog skeleton (D:7)
  30 orc wizards
  A black bear skeleton (D:7)
  6 iguanas
  4 orange rats
  14 worker ants
  2 sheep (Lair:4)
  A big kobold zombie (D:10)
  A mummy (D:6)
  2 hound skeletons
  16 green rats
  14 adders
  A giant mite (Lair:4)
  10 worms
  A goliath beetle zombie (D:5)
  An adder skeleton (D:7)
  5 giant eyeballs
  7 giant geckos
  An ooze (D:2)
  156 orcs
  3 ball pythons
  14 bats
  A bat skeleton (D:8)
  5 giant cockroaches
  14 goblins
  18 hobgoblins
  19 jackals
  17 kobolds
  12 quokkas
  A giant gecko skeleton (D:5)
  3 giant newts
  A giant spore (D:12)
  A hobgoblin zombie (D:8)
  3 orc skeletons
  28 rats
  A rat skeleton (D:7)
  A ballistomycete (D:12)
  A crawling corpse (Elf:1)
  2 fungi
  5 plants
1069 creatures vanquished.

Vanquished Creatures (collateral kills)
  Frances (Elf:2)
  Ilsuiw (Shoals:5)
  3 ghost moths
  Maud (Lair:4)
  4 emperor scorpions (Spider:5)
  6 merfolk javelineers
  A deep elf death mage (Elf:1)
  A vault guard (D:14)
  3 merfolk impalers
  Josephine (Shoals:1)
  3 sirens (Shoals:5)
  6 hydras
  2 alligator snapping turtles
  3 merfolk aquamancers
  6 satyrs
  The ghost of marcus the Thaumaturge, a powerful SpVM of Vehumet (Orc:1)
  An anaconda (Shoals:5)
  An orc high priest (Orc:4)
  4 deep elf knights
  7 sea snakes
  Erolcha (D:10)
  10 harpies
  3 orb spiders
  An ice devil (Elf:1)
  3 water nymphs
  2 orc knights
  A hill giant (D:12)
  3 red wasps
  6 wolf spiders
  5 deep elf conjurers (Elf:1)
  10 manticores
  10 fauns
  5 griffons
  3 mermaids
  A cyclops (D:14)
  4 black mambas
  4 orc sorcerers
  A drowned soul (Shoals:5)
  3 gargoyles
  2 spiny frogs
  A fire drake (Lair:2)
  2 small abominations (Elf:1)
  6 demonic crawlers
  3 deep elf priests (Elf:1)
  2 deep elf magi
  7 komodo dragons
  31 merfolk
  3 trolls
  A blue devil (Shoals:4)
  2 centaur skeletons
  Sonja (Spider:1)
  2 wind drakes
  2 polar bears
  6 jumping spiders
  5 blink frogs
  A slime creature (D:13)
  4 grizzly bears (Lair:8)
  8 tarantellas
  A wyvern (Lair:5)
  2 basilisks
  3 snapping turtles
  2 trapdoor spiders
  A griffon skeleton (D:13)
  A satyr skeleton (Shoals:5)
  4 water elementals
  22 yaks
  12 redbacks
  3 toenail golems (Volcano)
  Eustachio (D:6)
  16 sharks
  4 humans
  5 ugly things
  7 hippogriffs
  A hungry ghost (D:11)
  A mottled dragon (D:14)
  A deep elf fighter (Elf:1)
  3 vampire mosquitoes
  A warg (Orc:4)
  A merfolk zombie (Shoals:1)
  7 water moccasins
  12 wolves
  A hell hound (Lair:8)
  3 black bears
  A yellow wasp (Spider:5)
  A slave (D:9)
  10 orc warriors
  A porcupine (Lair:7)
  A snapping turtle zombie (Shoals:1)
  A phantom (D:6)
  17 ice beasts
  A manticore zombie (Shoals:1)
  5 spiders
  4 ogres
  5 removed MONS_GIANT_GOLDFISHs
  A manticore skeleton (Shoals:1)
  A boring beetle (Lair:6)
  Duvessa (D:6)
  2 centaurs
  4 giant slugs
  5 giant frogs
  A lightning spire (Spider:5)
  6 crocodiles
  An insubstantial wisp (D:13)
  A hippogriff zombie (D:10)
  8 killer bees
  A wight (D:11)
  Dowan (D:6)
  2 goliath beetles
  2 hippogriff skeletons
  4 crimson imps
  A human zombie (D:14)
  6 jellies
  7 big fish
  2 orc priests (Orc:3)
  A giant frog skeleton (D:13)
  5 hounds
  An elf skeleton (D:13)
  2 worker ants (D:9)
  3 iguanas
  7 orange rats (Lair:6)
  7 orc wizards
  A sky beast zombie (D:8)
  4 sheep
  A mummy (D:11)
  7 adders
  4 shadow imps
  19 green rats
  6 white imps
  A worm (Lair:4)
  An ufetubus (D:6)
  A giant gecko (Lair:4)
  An ooze (D:1)
  44 orcs
  3 bats
  4 hobgoblins
  10 jackals
  3 giant cockroaches
  6 goblins
  A kobold (D:1)
  2 orc skeletons
  4 quokkas
  A quokka skeleton (D:5)
  4 rats
  A rat skeleton (D:7)
  A bush (Lair:3)
  5 fungi
  5 plants
  2 tentacles (Shoals:1)
608 creatures vanquished.

Vanquished Creatures (others)
  A merfolk javelineer (Shoals:5)
  2 deep elf knights (Elf:2)
  A sun demon (Shoals:5)
  An ice devil (Spider:5)
  An orc knight (Orc:4)
  An anaconda skeleton (Shoals:5)
  2 lindwurms
  3 harpies
  A deep elf conjurer (Elf:2)
  A faun (Shoals:4)
  2 wolf spiders
  A sixfirhy (Spider:5)
  A mermaid (Shoals:5)
  A manticore (Shoals:4)
  A demonic crawler (Spider:5)
  11 drowned souls (Shoals:5)
  A hellwing (Spider:5)
  A deep elf priest (Elf:2)
  3 sea snake skeletons
  A death yak skeleton (Shoals:3)
  3 centaur skeletons
  A red devil (Shoals:5)
  A blue devil (Shoals:5)
  3 merfolk (Shoals:5)
  7 harpy skeletons
  A trapdoor spider (D:12)
  2 griffon skeletons
  2 water elementals (Shoals:5)
  A hill giant zombie (D:13)
  A black mamba skeleton (Lair:5)
  2 satyr skeletons
  2 ugly things (D:13)
  3 humans
  A hill giant skeleton (D:12)
  2 deep elf fighters (Elf:2)
  21 wargs
  37 wolves
  2 wind drake skeletons
  A raven skeleton (D:14)
  12 merfolk skeletons
  A porcupine (Lair:4)
  3 faun skeletons (Shoals:4)
  23 guardian golems
  2 slaves (D:9)
  25 ice beasts
  A spiny frog skeleton (Lair:8)
  3 blink frog skeletons
  A centaur (D:9)
  3 manticore skeletons
  2 mermaid skeletons (Shoals:5)
  A giant frog (Lair:4)
  2 cyclops skeletons
  A hell hound skeleton (Lair:8)
  A water moccasin skeleton (Lair:6)
  9 yak skeletons
  4 grizzly bear skeletons (Lair:8)
  2 troll skeletons
  64 crimson imps
  A goliath beetle (D:12)
  17 iron imps
  20 hounds
  4 wolf skeletons
  A big kobold skeleton (D:9)
  A black bear skeleton (Lair:8)
  24 elf skeletons
  A kobold skeleton (Spider:1)
  A basilisk skeleton (D:11)
  A big fish (D:14)
  3 giant frog skeletons
  14 lightning spires
  A crocodile skeleton (Lair:6)
  A mottled dragon skeleton (D:14)
  4 hound skeletons
  56 white imps
  38 shadow imps
  3 adder skeletons
  A sheep skeleton (Shoals:2)
  4 orcs
  10 bats
  A bat skeleton (Shoals:2)
  A jackal (Lair:4)
  10 quokkas
  5 green rat skeletons
  4 jackal skeletons
  61 orc skeletons
  8 rats
  2 fungi
  4 plants
  21 tentacles (Shoals:1)
  482 tentacle segments (Shoals:1)
1095 creatures vanquished.

Grand Total: 2772 creatures vanquished

Notes
Turn   | Place    | Note
--------------------------------------------------------------
     0 | D:1      | yrew, the Vine Stalker Summoner, began the quest for the Orb.
     0 | D:1      | Reached XP level 1. HP: 9/9 MP: 3/3
   230 | D:1      | Reached XP level 2. HP: 11/13 MP: 5/5
   248 | D:1      | Learned a level 2 spell: Call Imp
  1163 | D:2      | Reached XP level 3. HP: 16/16 MP: 7/7
  1200 | D:2      | Learned a level 3 spell: Call Canine Familiar
  1546 | D:2      | Noticed Sigmund
  1936 | D:2      | Reached XP level 4. HP: 10/21 MP: 7/9
  1986 | D:2      | Reached skill level 1 in Unarmed Combat
  2155 | D:3      | Noticed a giant frog
  2190 | D:2      | Killed a giant frog
  2190 | D:2      | Reached skill level 1 in Slings
  2190 | D:2      | Reached XP level 5. HP: 11/24 MP: 1/11
  2499 | D:3      | Reached skill level 1 in Armour
  3045 | D:3      | Gained mutation: You heal very quickly. [vine stalker growth]
  3045 | D:3      | Reached XP level 6. HP: 22/29 MP: 12/15
  3744 | D:4      | Found an iron altar of Okawaru.
  3780 | D:4      | Noticed an ogre
  3818 | D:4      | Killed an ogre
  3818 | D:4      | Reached skill level 1 in Throwing
  4187 | D:4      | Found a glowing silver altar of Zin.
  4194 | D:4      | Found a bloodstained altar of Trog.
  4194 | D:4      | Found a deep blue altar of Sif Muna.
  4276 | D:4      | Upgraded the game from 0.14-a0-3247-g5fd345f to 0.14-a0-3329-g86b2fc4
  4279 | D:5      | Entered Level 5 of the Dungeon
  4302 | D:5      | Found a glowing silver altar of Zin.
  4475 | D:5      | Paralysed by a giant eyeball for 4 turns
  4550 | D:5      | Reached skill level 5 in Summonings
  4550 | D:5      | Reached XP level 7. HP: 28/32 MP: 13/17
  5836 | D:6      | Gained mutation: You have razor-sharp teeth. [vine stalker growth]
  5836 | D:6      | Reached XP level 8. HP: 37/37 MP: 19/19
  5898 | D:6      | Noticed Edmund
  6013 | D:6      | Noticed Duvessa
  6348 | D:6      | Noticed Eustachio
  6377 | D:6      | Killed Edmund
  6899 | D:6      | Reached skill level 6 in Summonings
  7243 | D:6      | Killed Duvessa
  7244 | D:6      | Noticed Dowan
  7249 | D:6      | Killed Dowan
  7447 | D:6      | Killed Eustachio
  7447 | D:6      | Reached skill level 5 in Spellcasting
  7488 | D:6      | Found a bloodstained altar of Trog.
  7730 | D:6      | Upgraded the game from 0.14-a0-3329-g86b2fc4 to 0.14-a0-3337-gf4615ed
  7956 | D:7      | Reached skill level 7 in Summonings
  7956 | D:7      | Reached XP level 9. HP: 40/40 MP: 14/23
  8007 | D:7      | Paralysed by a giant eyeball for 3 turns
  8093 | D:6      | Learned a level 4 spell: Summon Guardian Golem
  8098 | D:6      | Learned a level 4 spell: Summon Ice Beast
  8137 | D:6      | Learned a level 4 spell: Summon Lightning Spire
  8138 | D:7      | Found Rakovo's Antique Weapon Emporium.
  8594 | D:7      | Reached skill level 8 in Summonings
  9139 | D:7      | Found a staircase to the Ecumenical Temple.
  9149 | Temple   | Entered the Ecumenical Temple
  9237 | Temple   | Became a worshipper of Makhleb the Destroyer
  9803 | D:8      | Reached skill level 1 in Fighting
  9884 | D:8      | Found a staircase to the Lair.
 10150 | D:8      | Acquired Makhleb's first power
 10289 | D:8      | Reached skill level 9 in Summonings
 10445 | D:8      | Reached skill level 1 in Evocations
 10480 | D:8      | Reached XP level 10. HP: 41/45 MP: 17/25
 10734 | Lair:1   | Entered Level 1 of the Lair of Beasts
 10804 | Lair:1   | Reached skill level 1 in Invocations
 11056 | Lair:1   | Acquired Makhleb's second power
 11126 | Lair:1   | Noticed Erica
 11153 | Lair:1   | Killed Erica
 11160 | Lair:1   | Found a dark tunnel.
 11197 | Volcano  | Entered a volcano
 12006 | Lair:1   | Upgraded the game from 0.14-a0-3337-gf4615ed to 0.14-a0-3345-g9255d23
 12033 | Lair:1   | Learned a level 1 spell: Apportation
 12603 | Lair:1   | Acquired Makhleb's third power
 12732 | Lair:2   | Noticed a black mamba
 12747 | Lair:2   | Killed a black mamba
 12845 | Lair:2   | Noticed a seven-headed hydra
 12885 | Lair:2   | Reached XP level 11. HP: 47/49 MP: 23/29
 13373 | Lair:2   | Reached skill level 1 in Translocations
 13619 | Lair:2   | Reached skill level 5 in Stealth
 13796 | Lair:2   | Killed a seven-headed hydra
 14401 | Lair:3   | Reached skill level 5 in Dodging
 14401 | Lair:3   | Reached skill level 10 in Summonings
 14463 | Lair:3   | Acquired Makhleb's fourth power
 15096 | Lair:3   | Found a staircase to the Shoals.
 15422 | Lair:1   | Learned a level 5 spell: Shadow Creatures
 16323 | Lair:1   | Acquired Makhleb's fifth power
 16463 | Lair:4   | Noticed Maud
 16562 | Lair:4   | Noticed an eight-headed hydra
 16700 | Lair:4   | Found a hole to the Spider Nest.
 17352 | Lair:4   | Reached skill level 10 in Spellcasting
 17448 | Lair:4   | Gained mutation: You regenerate. [vine stalker growth]
 17448 | Lair:4   | Reached XP level 12. HP: 39/54 MP: 27/31
 17776 | Lair:4   | Killed an eight-headed hydra
 17891 | Lair:4   | Reached skill level 11 in Summonings
 18327 | Lair:4   | Killed Maud
 18327 | Lair:4   | Reached skill level 5 in Unarmed Combat
 18327 | Lair:4   | Reached skill level 1 in Ice Magic
 18515 | D:7      | Bought an iridescent quarterstaff for 243 gold pieces
 18516 | D:7      | Identified the +10,+11 quarterstaff of Oozing Pus {venom, +Inv rPois rF+ SInv} (You bought it in a shop on level 7 of the Dungeon)
 18517 | D:7      | Ohhoo! What a gift!
 18521 | D:7      | Bought a dazzling crossbow for 245 gold pieces
 18522 | D:7      | Identified the +10,+7 crossbow of Division {elec, rC+} (You bought it in a shop on level 7 of the Dungeon)
 18523 | D:7      | Terrific gear!
 18606 | Lair:1   | Learned a level 1 spell: Animate Skeleton
 18612 | Lair:1   | Learned a level 5 spell: Summon Demon
 19213 | Lair:5   | Reached skill level 1 in Staves
 19590 | Lair:1   | Upgraded the game from 0.14-a0-3345-g9255d23 to 0.14-a0-3350-g14ab857
 19809 | Lair:6   | Reached skill level 1 in Necromancy
 20460 | Lair:6   | Reached skill level 1 in Crossbows
 20617 | Lair:6   | Noticed a six-headed hydra
 20624 | Lair:6   | Killed a six-headed hydra
 20852 | Lair:6   | need flying or digging
 21476 | Lair:7   | Noticed a six-headed hydra
 21547 | Lair:7   | Killed a six-headed hydra
 21579 | Lair:7   | Reached skill level 1 in Air Magic
 21669 | Lair:7   | Found a staircase to the Slime Pits.
 21683 | Lair:7   | Reached XP level 13. HP: 60/60 MP: 32/32
 22248 | Lair:8   | Entered Level 8 of the Lair of Beasts
 22254 | Lair:8   | Gained mutation: You are robust (+10% HP). [potion of beneficial mutation]
 22540 | Lair:8   | Reached skill level 5 in Staves
 23273 | Lair:8   | Reached skill level 5 in Fighting
 23953 | Lair:1   | Upgraded the game from 0.14-a0-3350-g14ab857 to 0.14-a0-3367-g7c2a7eb
 24029 | D:9      | Found Preurrej's Weapon Emporium.
 24042 | D:9      | Found Cowey's Distillery.
 24062 | D:9      | Bought a potion of poison for 14 gold pieces
 24240 | D:9      | Noticed Pikel
 24248 | D:9      | Killed Pikel
 24408 | D:9      | Found Scheul's Armour Shoppe.
 24420 | D:9      | Bought a +2 pair of gloves for 203 gold pieces
 24789 | D:9      | Found Zasyzy's Food Shop.
 25066 | D:10     | Entered Level 10 of the Dungeon
 25103 | D:10     | Noticed Grum
 25107 | D:10     | Killed Grum
 25195 | D:10     | Noticed Erolcha
 25290 | D:10     | Noticed Psyche
 25428 | D:10     | Killed Erolcha
 25484 | D:10     | Noticed Urug
 25498 | D:10     | Killed Urug
 25772 | D:10     | Got a crude sling
 25773 | D:10     | Identified the cursed +0,-2 sling "Grim Tooth" {frost, +Blink Str+1} (You found it on level 10 of the Dungeon)
 25920 | D:10     | Killed Psyche
 25956 | D:10     | Upgraded the game from 0.14-a0-3367-g7c2a7eb to 0.14-a0-3376-gf173aa4
 26099 | D:11     | Found Thasm's Magic Scroll Shoppe.
 26329 | D:11     | Found a staircase to the Orcish Mines.
 26499 | D:11     | Got a polished sling
 26500 | D:11     | Identified the cursed -1,+2 sling "Baskywn" {flame, rC- SInv Stlth} (You found it on level 11 of the Dungeon)
 26794 | D:9      | Your ally Pikel died
 27138 | D:12     | Reached XP level 14. HP: 75/75 MP: 33/33
 27445 | D:12     | Noticed Gastronok
 27660 | Orc:1    | Entered Level 1 of the Orcish Mines
 27702 | Orc:1    | Found Mioqipt's Food Boutique.
 27801 | Orc:1    | Noticed marcus' ghost (powerful SpVM)
 27836 | Orc:1    | Killed marcus' ghost
 27917 | Orc:1    | Found a shimmering altar of Xom.
 28026 | Orc:1    | Found a frozen archway.
 28036 | IceCv    | Entered an ice cave
 28585 | Orc:2    | Found Cliduih's Weapon Emporium.
 28783 | Orc:1    | Upgraded the game from 0.14-a0-3376-gf173aa4 to 0.14-a0-3424-g5348755
 29318 | Orc:3    | Found a staircase to the Elven Halls.
 29766 | Orc:3    | Noticed a stone giant
 29792 | Orc:3    | Killed a stone giant
 30285 | Lair:1   | Learned a level 6 spell: Monstrous Menagerie
 30581 | Orc:4    | Entered Level 4 of the Orcish Mines
 31241 | Orc:4    | Noticed an orc warlord
 31346 | Orc:3    | Killed an orc warlord
 31523 | Orc:4    | Found a roughly hewn altar of Beogh.
 31914 | Orc:4    | Found Striceimn's Book Emporium.
 31920 | Orc:4    | Found Piteog's Antique Weapon Emporium.
 31927 | Orc:4    | Found Oroerph's Antique Armour Emporium.
 32002 | Orc:4    | Bought a runed cloak for 117 gold pieces
 32005 | Orc:4    | Identified a +0 cloak of preservation (You bought it in a shop on level 4 of the Orcish Mines)
 32023 | Orc:4    | Bought a polished crossbow for 273 gold pieces
 32024 | Orc:4    | Identified the cursed +6,+8 crossbow "Skiat" {flame, MR+ Dex+3} (You bought it in a shop on level 4 of the Orcish Mines)
 32053 | Orc:4    | Found Oxeadas' General Store.
 32060 | Orc:4    | Upgraded the game from 0.14-a0-3424-g5348755 to 0.14-a0-3509-g488b3d4
 32076 | Orc:4    | Bought a pair of runed gloves for 117 gold pieces
 32076 | Orc:4    | Bought a pair of glowing gloves for 117 gold pieces
 32112 | Orc:4    | Bought a glowing blowgun for 75 gold pieces
 32114 | Orc:4    | Bought a bone hand axe for 240 gold pieces
 32115 | Orc:4    | Identified the +8,+8 hand axe of Blind Justice {freeze, rElec Dex-1} (You bought it in a shop on level 4 of the Orcish Mines)
 33696 | D:13     | Got a jewelled war axe
 33697 | D:13     | Identified the +7,+11 war axe "Huinumuo" {drain, rF+ rC- MR++ SInv} (You found it on level 13 of the Dungeon)
 34596 | D:14     | Upgraded the game from 0.14-a0-3509-g488b3d4 to 0.15-a0-183-gc0cdb55
 34612 | D:14     | Reached skill level 12 in Spellcasting
 34751 | D:14     | Noticed Kirke
 34756 | D:14     | Noticed a sphinx
 34777 | D:14     | Killed Kirke
 34830 | D:14     | Found a white marble altar of Elyvilon.
 34890 | D:14     | Reached skill level 1 in Hexes
 35333 | D:14     | Reached XP level 15. HP: 82/82 MP: 31/35
 35527 | D:14     | Reached skill level 5 in Crossbows
 35771 | D:14     | Found a gate to the Vaults.
 36028 | Spider:1 | Entered Level 1 of the Spider Nest
 36141 | Spider:1 | Noticed Sonja
 36171 | Spider:1 | Killed Sonja
 36358 | Spider:1 | Your ally Sonja died
 37898 | Spider:2 | Reached skill level 13 in Spellcasting
 38123 | Spider:2 | Noticed Arachne
 38933 | Lair:1   | Learned a level 3 spell: Flight
 39475 | Spider:3 | Reached skill level 5 in Evocations
 40661 | Spider:3 | Identified a scroll of acquirement
 40665 | Spider:3 | Identified Cigotuvi's Collected Works on Darkness (You acquired it on level 3 of the Spider Nest)
 40911 | Lair:1   | Upgraded the game from 0.15-a0-183-gc0cdb55 to 0.15-a0-217-g70ad64b
 41224 | Spider:4 | Reached XP level 16. HP: 67/91 MP: 9/37
 41711 | Spider:4 | Noticed Roxanne
 41969 | Spider:5 | Entered Level 5 of the Spider Nest
 42756 | Spider:5 | Upgraded the game from 0.15-a0-217-g70ad64b to 0.15-a0-244-g7dd1917
 43857 | Spider:5 | Got a gossamer rune of Zot
 44281 | Lair:1   | Upgraded the game from 0.15-a0-244-g7dd1917 to 0.15-a0-258-g027b8cd
 44424 | Shoals:1 | Entered Level 1 of the Shoals
 44680 | Shoals:1 | Noticed Josephine
 44773 | Shoals:1 | Noticed a kraken
 44880 | Shoals:1 | Killed a kraken
 44880 | Shoals:1 | Reached skill level 1 in Charms
 45266 | Shoals:1 | Killed Josephine
 45379 | Shoals:2 | Reached skill level 5 in Throwing
 45998 | Shoals:2 | Reached XP level 17. HP: 96/96 MP: 38/38
 46307 | Shoals:2 | Learned a level 2 spell: Repel Missiles
 47128 | Shoals:3 | Reached skill level 10 in Dodging
 48374 | Shoals:3 | Noticed Polyphemus
 48417 | Shoals:3 | Killed Polyphemus
 48942 | Lair:1   | Upgraded the game from 0.15-a0-258-g027b8cd to 0.15-a0-271-g6095dc6
 50076 | Shoals:4 | Reached skill level 10 in Fighting
 50503 | Shoals:5 | Entered Level 5 of the Shoals
 50512 | Shoals:5 | Noticed Ilsuiw
 51086 | Shoals:5 | Killed Ilsuiw
 51481 | Shoals:5 | Got a barnacled rune of Zot
 51893 | Shoals:5 | Reached skill level 10 in Staves
 51927 | Shoals:5 | Reached XP level 18. HP: 88/103 MP: 29/38
 52111 | Shoals:5 | Got a bloodstained scale mail
 52122 | Shoals:5 | Identified the cursed -1 scale mail of the Vestibule of Hell {rN+} (You found it on level 5 of the Shoals)
 52232 | Shoals:5 | Upgraded the game from 0.15-a0-271-g6095dc6 to 0.15-a0-288-gf1bfef0
 53269 | Orc:4    | Bought a transparent falchion for 240 gold pieces
 53270 | Orc:4    | Identified the +8,+5 falchion of Afo Twad {elec, Str+2} (You bought it in a shop on level 4 of the Orcish Mines)
 53350 | Elf:1    | Entered Level 1 of the Elven Halls
 53990 | Elf:1    | Reached skill level 14 in Spellcasting
 54293 | Orc:4    | Bought a book of Hinderance for 280 gold pieces
 54300 | Orc:4    | Learned a level 5 spell: Summon Mana Viper
 54403 | Elf:2    | Noticed Frances
 54413 | Elf:2    | Killed Frances
 54420 | Elf:2    | Upgraded the game from 0.15-a0-288-gf1bfef0 to 0.15-a0-306-g5a3139e
 55057 | Elf:3    | Entered Level 3 of the Elven Halls
 55174 | Elf:3    | Got a steaming ring mail
 55175 | Elf:3    | Identified the cursed -5 ring mail of the Beggar {Str+2 Dex+2 Curse} (You found it on level 3 of the Elven Halls)
 55494 | Elf:3    | Found Rietem's Food Shoppe.
 56053 | Elf:3    | Found Xaekesk's Antique Weapon Emporium.
 56053 | Elf:3    | Found Otoc's Weapon Shoppe.
 56378 | Elf:3    | HP: 5/104 [Executioner[a deep elf demonologist] (9)]
 56381 | Elf:3    | Mangled by an Executioner

Action                   |  1- 3 |  4- 6 |  7- 9 | 10-12 | 13-15 | 16-18 || total
-------------------------+-------+-------+-------+-------+-------+-------++-------
Melee: Unarmed           |   119 |   134 |   214 |   563 |       |       ||  1030
       Quarterstaff      |       |       |       |   115 |  1032 |   670 ||  1817
       Cutlass           |       |       |       |    12 |       |       ||    12
 Fire: Sling             |    30 |   110 |   366 |   261 |     4 |       ||   771
       Crossbow          |       |       |       |    28 |   300 |   342 ||   670
       Blowgun           |       |       |       |       |    18 |    15 ||    33
Throw: Dart              |    12 |     2 |       |       |       |       ||    14
       Stone             |     3 |     4 |       |     1 |       |       ||     8
       Tomahawk          |       |     4 |    43 |    44 |    84 |    51 ||   226
       Javelin           |       |       |    28 |    27 |    25 |     3 ||    83
 Cast: Summon Small Mamm |    13 |    31 |    19 |     6 |       |       ||    69
       Call Imp          |     1 |     5 |    63 |   217 |   203 |    95 ||   584
       Call Canine Famil |       |     1 |    28 |    60 |    66 |    38 ||   193
       Apportation       |       |       |       |    61 |   155 |   130 ||   346
       Summon Ice Beast  |       |       |       |    25 |    36 |    39 ||   100
       Summon Guardian G |       |       |       |     4 |    41 |     9 ||    54
       Shadow Creatures  |       |       |       |     5 |    12 |     8 ||    25
       Animate Skeleton  |       |       |       |    22 |   161 |   130 ||   313
       Summon Lightning  |       |       |       |    10 |    24 |    26 ||    60
       Summon Demon      |       |       |       |       |     4 |    17 ||    21
       Flight            |       |       |       |       |     2 |   136 ||   138
       Monstrous Menager |       |       |       |       |     1 |    11 ||    12
       Repel Missiles    |       |       |       |       |       |     8 ||     8
       Summon Mana Viper |       |       |       |       |       |     3 ||     3
Invok: Minor Destruction |       |       |       |     2 |     2 |       ||     4
 Abil: Evoke Invisibilit |       |     1 |       |     1 |     2 |    14 ||    18
Evoke: Wand              |     2 |     2 |     7 |    16 |    26 |    19 ||    72
       Rod               |       |       |       |       |     9 |    11 ||    20
  Use: Scroll            |     4 |     3 |    11 |    14 |    25 |    13 ||    70
       Potion            |     2 |       |     1 |     1 |     5 |     2 ||    11
 Stab: Sleeping          |     4 |       |     2 |     2 |     7 |     6 ||    21
       Distracted        |       |     2 |     4 |    14 |    11 |    15 ||    46
       Invisible         |       |     2 |       |       |       |    25 ||    27
       Petrifying        |       |       |       |       |       |     1 ||     1
